 Dungeon Crawl Stone Soup version 0.18.1-51-gd549091e01 (webtiles) character file.

1043 mopl the Magician (level 8, -11/41 HPs)
             Began as a Deep Elf Summoner on Dec 20, 2019.
             Was a Follower of Sif Muna.
             Killed from afar by an electric eel (12 damage)
             ... with a bolt of electricity
             ... on level 7 of the Dungeon.
             The game lasted 00:18:30 (8320 turns).

mopl the Magician (Deep Elf Summoner)               Turns: 8320, Time: 00:18:31

Health: -11/41     AC:  4    Str:  5    XL:     8   Next: 4%
Magic:  14/21      EV: 13    Int: 26    God:    Sif Muna [*.....]
Gold:   340        SH:  0    Dex: 15    Spells: 5 memorised, 6 levels left

rFire  . . .     SeeInvis .     a - +0 spear
rCold  . . .     Gourm    .     y - +0 robe
rNeg   . . .     Faith    .     (no shield)
rPois  .         Spirit   .     (no helmet)
rElec  .         Dismiss  .     h - +1 cloak {+Inv}
rCorr  .         Reflect  .     (no gloves)
SustAt +         Harm     .     (no boots)
MR     .....                    (no amulet)
Stlth  ++........               r - +3 ring of intelligence
                                q - ring of sustain attributes

@: not resistant to hostile enchantments, unstealthy
A: no striking features
a: Channel Energy, Renounce Religion, Evoke Invisibility


You were on level 7 of the Dungeon.
You worshipped Sif Muna.
Sif Muna was aware of your devotion.
You were hungry.

You visited 2 branches of the dungeon, and saw 8 of its levels.

You collected 340 gold pieces.

Inventory:

Hand Weapons
 a - a +0 spear (weapon)
 j - a +4 quarterstaff of chaos
Missiles
 b - 11 poisoned needles
Armour
 h - a +1 cloak of invisibility (worn)
 m - a +0 large shield
 y - a +0 robe (worn)
Magical Staves
 x - an uncursed staff of air
Jewellery
 q - a ring of sustain attributes (left hand)
 r - a +3 ring of intelligence (right hand)
Wands
 n - a wand of acid (15/15)
 C - a wand of flame (27/48)
 E - a wand of flame (14/48)
Scrolls
 i - a scroll of fog {unknown}
 p - 2 scrolls of blinking {unknown}
 t - 5 scrolls of teleportation
 u - 2 scrolls of immolation {unknown}
 A - 2 scrolls of remove curse
 F - a scroll of random uselessness {unknown}
 G - a scroll of fear {unknown}
Potions
 e - 3 potions of lignification {!q}
 f - a potion of cure mutation {unknown}
 g - a potion of flight
 k - 2 potions of invisibility
 o - 4 potions of heal wounds {unknown}
 s - 3 potions of might
 w - a potion of curing
 z - 2 potions of haste {unknown}
 D - 2 potions of magic {unknown}
Comestibles
 c - 12 bread rations
 l - 3 meat rations
 v - a royal jelly
 B - 3 fruits


   Skills:
 - Level 2.4 Dodging
 - Level 2.4 Stealth
 + Level 7.5 Spellcasting
 + Level 6.7 Summonings
 + Level 4.0 Ice Magic
 + Level 3.1 Air Magic
 + Level 3.1 Invocations


You had 6 spell levels left.
You knew the following spells:

 Your Spells              Type           Power        Failure   Level  Hunger
b - Call Imp              Summ           #####...     1%          2    None
c - Call Canine Familiar  Summ           #####...     1%          3    None
d - Summon Ice Beast      Ice/Summ       #####...     10%         4    ##.....
f - Summon Lightning Spi  Summ/Air       #####...     10%         4    ##.....
g - Summon Guardian Gole  Hex/Summ       ####....     6%          3    None


Dungeon Overview and Level Annotations

Branches:
Dungeon (7/15)             Temple (1/1) D:5

Altars:
Ashenzari
Cheibriados
Elyvilon
Fedhas
Gozag
Kikubaaqudgha
Makhleb
Okawaru
Pakellas
Qazlal
Ru
Sif Muna
Yredelemnul
Zin
The Shining One

Shops:
D:7 }

Annotations:
D:5 1 runed door


Message History

The bolt of electricity hits the plant.
The bolt of electricity hits you!
Unknown command.
Your wolf bites the plant.
The electric eel shoots out a bolt of lightning at you!
The bolt of electricity hits the plant.
The bolt of electricity hits your wolf. The bolt of electricity hits you!
The electric eel shoots out a bolt of lightning at you!
The bolt of electricity hits the plant.
The bolt of electricity hits you! x2
* * * LOW HITPOINT WARNING * * *
The electric eel shoots out a bolt of lightning at you!
The bolt of electricity hits the plant.
The bolt of electricity hits your wolf.
Your wolf dies!
Your wolf's corpse disappears in a puff of smoke!
The bolt of electricity misses you.
The electric eel shoots out a bolt of lightning at you!
The bolt of electricity hits the plant.
The plant is destroyed!
The bolt of electricity hits your ice beast.
The bolt of electricity hits you!
You die...

#.≈P≈≈≈♣PPPP######
#.#.####
#PP≈≈;≈♣≈≈≈P.P..###.#.##..
#PP≈P♣≈≈≈P≈P..##.#.#...
#≈≈≈P≈♣≈≈PP....#...##
##Y≈..PPP≈P.##.#.....
#.#.PP.P≈≈###.#..###
####.§.##.≈≈≈....<.## #
##.####.###..####..## #
##h#.###@# #..# #.#.## #
#.###....# #..# #.##.###
##h#.#######..# #.###.#.
##.## #......# #.# ##.#
#.# #.####.# #.####.. #.#
#.# #.# #....... #.# ##.##
#.# ######## #.###.#.###.#
# #....###....# #


You could see an electric eel and a friendly ice beast.

Vanquished Creatures
  A scorpion (D:6)
  A howler monkey skeleton (D:7)
  2 adders
  3 adder skeletons
  A worm (D:4)
  2 giant geckos (D:4)
  5 orcs
  4 giant cockroaches
  A ball python (D:2)
  A giant newt (D:5)
  A kobold (D:7)
  A quokka skeleton (D:6)
  A rat (D:1)
24 creatures vanquished.

Vanquished Creatures (collateral kills)
  A spriggan (D:7)
  A phantom (D:7)
  2 ogres
  5 giant frogs
  A water moccasin zombie (D:5)
  3 killer bees (D:7)
  A scorpion (D:4)
  An oklob sapling (D:5)
  The ghost of Esos the Chiller, a weakling DgIE (D:3)
  2 howler monkeys (D:7)
  3 wights (D:6)
  A crimson imp (D:6)
  A jelly (D:5)
  2 hounds
  Crazy Yiuf (D:3)
  An orc priest (D:7)
  A centaur skeleton (D:6)
  Jessica (D:2)
  An iguana (D:6)
  2 worker ants (D:7)
  A hound skeleton (D:4)
  A howler monkey skeleton (D:5)
  9 adders
  A worm (D:2)
  2 dart slugs
  2 giant geckos
  11 orcs
  A ball python (D:2)
  5 bats
  2 giant cockroaches
  7 goblins
  9 hobgoblins
  4 jackals (D:2)
  7 kobolds
  2 quokkas
  A giant gecko zombie (D:5)
  4 giant newts
  7 rats
  A fungus (D:3)
  A plant (D:5)
110 creatures vanquished.

Vanquished Creatures (others)
  7 plants (D:7)
7 creatures vanquished.

Grand Total: 141 creatures vanquished

Notes
Turn   | Place    | Note
--------------------------------------------------------------
     0 | D:1      | mopl the Deep Elf Summoner began the quest for the Orb.
     0 | D:1      | Reached XP level 1. HP: 10/10 MP: 6/6
   568 | D:1      | Reached XP level 2. HP: 15/15 MP: 4/8
   572 | D:1      | Learned a level 2 spell: Call Imp
   791 | D:1      | Reached skill level 4 in Spellcasting
   962 | D:2      | Noticed Jessica
   971 | D:2      | Killed Jessica
  1019 | D:2      | Reached XP level 3. HP: 19/19 MP: 10/10
  1024 | D:2      | Learned a level 3 spell: Call Canine Familiar
  1269 | D:2      | Found a shattered altar of Ashenzari.
  1580 | D:2      | Reached skill level 5 in Summonings
  1591 | D:2      | Learned a level 3 spell: Summon Guardian Golem
  1921 | D:3      | Noticed Esos's ghost (weakling DgIE)
  1928 | D:3      | Killed Esos's ghost
  1928 | D:3      | Reached skill level 5 in Spellcasting
  1928 | D:3      | Reached XP level 4. HP: 24/24 MP: 1/13
  1934 | D:3      | Learned a level 4 spell: Summon Ice Beast
  2786 | D:3      | Noticed Crazy Yiuf
  2796 | D:3      | Killed Crazy Yiuf
  3205 | D:4      | Reached skill level 1 in Ice Magic
  3382 | D:4      | Reached XP level 5. HP: 26/28 MP: 8/15
  4033 | D:4      | Reached skill level 2 in Ice Magic
  4231 | D:5      | Entered Level 5 of the Dungeon
  4487 | D:5      | Reached skill level 6 in Spellcasting
  4537 | D:5      | Learned a level 4 spell: Summon Lightning Spire
  4586 | D:5      | Reached XP level 6. HP: 32/32 MP: 17/17
  4611 | D:5      | Found a runed door.
  4611 | D:5      | Found a glowing golden altar of the Shining One.
  4611 | D:5      | Noticed an angel
  4658 | D:5      | Found a staircase to the Ecumenical Temple.
  4710 | Temple   | Entered the Ecumenical Temple
  4761 | Temple   | Became a worshipper of Sif Muna the Loreminder
  5046 | D:6      | Reached skill level 6 in Summonings
  5173 | D:6      | Reached skill level 1 in Air Magic
  5277 | D:6      | Reached skill level 3 in Ice Magic
  5277 | D:6      | Reached skill level 1 in Invocations
  5447 | D:6      | Noticed an orc warrior
  5508 | D:6      | Reached XP level 7. HP: 7/36 MP: 5/19
  5788 | D:6      | Reached skill level 2 in Air Magic
  6511 | D:7      | Reached skill level 2 in Invocations
  6726 | D:7      | Found Foufyorph's Gadget Shoppe.
  6943 | D:7      | Reached skill level 7 in Spellcasting
  7523 | D:7      | Reached * piety under Sif Muna
  7602 | D:7      | Noticed a spriggan baker
  7606 | D:7      | Killed a spriggan baker
  7949 | D:7      | Reached skill level 3 in Air Magic
  7949 | D:7      | Reached skill level 3 in Invocations
  8204 | D:7      | Reached skill level 4 in Ice Magic
  8277 | D:7      | Reached XP level 8. HP: 40/41 MP: 17/21
  8318 | D:7      | HP: 1/41 [electric eel/bolt of electricity (16)]
  8320 | D:7      | Killed from afar by an electric eel

Skill      XL: |  1  2  3  4  5  6  7 |
---------------+----------------------+-----
Spellcasting   | 4 5 6 7 |  7.5
Summonings     | 5 6 |  6.7
Ice Magic      | 1 2 3 4 |  4.0
Air Magic      | 1 3 |  3.1
Invocations    | 1 3 |  3.1
Dodging        | |  2.4
Stealth        | |  2.4

Action                   |  1- 3 |  4- 6 |  7- 9 || total
-------------------------+-------+-------+-------++-------
Melee: Unarmed           |    15 |     2 |       ||    17
       Quarterstaff      |       |    12 |       ||    12
       Spear             |       |   118 |   137 ||   255
 Cast: Summon Small Mamm |    32 |       |       ||    32
       Call Imp          |    21 |    11 |     6 ||    38
       Call Canine Famil |     5 |    21 |    14 ||    40
       Summon Guardian G |     1 |     2 |       ||     3
       Summon Lightning  |       |     4 |       ||     4
       Summon Ice Beast  |       |     1 |    10 ||    11
  Use: Scroll            |       |     7 |     3 ||    10
 Stab: Sleeping          |       |     1 |     4 ||     5
  Eat: Chunk             |     3 |    12 |     8 ||    23
       Beef jerky        |       |       |     1 ||     1
Armor: Robe              |    23 |    29 |    30 ||    82
Dodge: Dodged            |    63 |    64 |    92 ||   219
